 Dungeon Crawl Stone Soup version 0.23.2-33-g5129a83184 (webtiles) character file.

Game seed: 15719919472895985681

39598 MalarOregon the Spear-Bearer (level 14, 0/112 (113) HPs)
             Began as a Merfolk Ice Elementalist on Aug 5, 2019.
             Was the Champion of Wu Jian.
             Slain by a seven-headed hydra (2 damage)
             ... on level 5 of the Lair of Beasts.
             The game lasted 02:31:57 (28408 turns).

MalarOregon the Spear-Bearer (MfIE)                Turns: 28408, Time: 02:31:58

HP:   0/112 (113)   AC: 12    Str:  9    XL:     14   Next: 7%
MP:   28/28         EV: 20    Int: 19    God:    Wu Jian [******]
Gold: 1162          SH:  5    Dex: 14    Spells: 10/33 levels left

rFire    x . .     SeeInvis .   a - +5 demon trident (venom)
rCold    + . .     Gourm    .   J - +0 buckler
rNeg     . . .     Faith    .   z - +2 leather armour {MR+}
rPois    .         Spirit   .   n - +1 helmet
rElec    .         Reflect  .   i - +2 cloak
rCorr    +         Harm     .   s - +0 pair of gloves
MR       ++...                  d - +0 pair of boots
Stlth    ++........             (no amulet)
HPRegen  0.28/turn              P - ring of resist corrosion
MPRegen  0.21/turn              N - ring of ice

@: no status effects
A: change form in water, swift swim, stealthy swim
a: Wall Jump, Serpent's Lash, Heavenly Storm, Renounce Religion


You were on level 5 of the Lair of Beasts.
You worshipped Wu Jian.
Wu Jian was exalted by your worship.
You were not hungry.

You visited 4 branches of the dungeon, and saw 19 of its levels.
You also visited: Bailey.

You collected 1349 gold pieces.
You spent 187 gold pieces at shops.

Inventory:

Hand Weapons
 a - a +5 demon trident of venom (weapon)
   (You found it on level 3 of the Lair of Beasts)
 b - the +8 hand crossbow "Buduyrro" {penet, rN++ MR+++ Str-3 Stlth-}
   (You bought it in a shop on level 5 of the Dungeon)

   Ammo fired by it will pass through the targets it hits, potentially hitting
   all targets in its path until it reaches maximum range.
   It affects your strength (-3).
   It greatly protects you from negative energy.
   It affects your resistance to hostile enchantments.
   It makes you less stealthy.
 O - the +3 hand axe of Fogre {chop, Int+6 Dex+3 SInv}
   (You found it on level 4 of the Lair of Beasts)

   It inflicts extra damage upon your enemies.
   It affects your intelligence (+6).
   It affects your dexterity (+3).
   It lets you see invisible.
Missiles
 j - 7 throwing nets {!f}
 B - 30 tomahawks of returning (quivered)
 E - 73 bolts
Armour
 d - a +0 pair of boots (worn)
   (You found it on level 6 of the Dungeon)
 i - a +2 cloak (worn)
   (You took it off Maurice on level 10 of the Dungeon)
 n - a +1 helmet (worn)
   (You took it off Robin on level 2 of the Dungeon)
 s - a +0 pair of gloves (worn)
   (You found it on level 8 of the Dungeon)
 z - a +2 leather armour of magic resistance (worn)
   (You took it off Duvessa on level 4 of the Dungeon)
 H - a +0 troll leather armour
   (You found it on level 10 of the Dungeon)
 J - a +0 buckler (worn)
   (You found it on level 4 of the Lair of Beasts)
 Q - the +1 leather armour of Zyem {rC+ Regen+}
   (You found it on level 2 of the Lair of Beasts)

   It protects you from cold.
   It increases your rate of regeneration.
Jewellery
 o - an uncursed ring of protection from cold
   (You found it on level 1 of the Dungeon)
 N - a ring of ice (right hand)
   (You took it off Fannar on level 8 of the Dungeon)
 P - a ring of resist corrosion (left hand)
   (You found it on level 1 of the Lair of Beasts)
Wands
 c - a wand of disintegration (11)
   (You found it on level 5 of the Lair of Beasts)
 t - a wand of flame (21)
   (You found it on level 3 of the Lair of Beasts)
 u - a wand of paralysis (6)
   (You found it on level 9 of the Dungeon)
 v - a wand of digging (4)
   (You found it on level 5 of the Lair of Beasts)
 x - a wand of acid (16)
   (You took it off Ijyb on level 5 of the Dungeon)
 R - a wand of polymorph (20)
   (You found it on level 6 of the Dungeon)
Scrolls
 k - 3 scrolls of blinking
 l - 5 scrolls of teleportation {@r4}
 w - 3 scrolls of fog
 y - a scroll of amnesia
 D - 3 scrolls of enchant armour
 G - 6 scrolls of remove curse {@r2}
 M - a scroll of silence
Potions
 f - a potion of brilliance
 g - 6 potions of heal wounds {@q2}
 h - 2 potions of lignification {!q}
 m - 2 potions of magic
 p - 9 potions of curing {@q1}
 q - 2 potions of haste {@q3}
 r - a potion of invisibility
 A - 3 potions of mutation {!q}
 C - a potion of might
 I - 3 potions of agility
 K - 2 potions of cancellation
 L - a potion of ambrosia
 S - a potion of resistance {unknown}
 U - a potion of flight
Miscellaneous
 F - a lightning rod (4/4) {!a}
   (You found it on level 9 of the Dungeon)
Comestibles
 e - 19 rations {!d}


   Skills:
 + Level 11.5 Fighting
 - Level 14.0 Polearms
 + Level 13.7 Dodging
 - Level 2.1 Stealth
 - Level 4.0 Shields
 + Level 10.1 Spellcasting
 - Level 0.7 Conjurations
 - Level 5.7 Summonings
 - Level 4.4 Transmutations
 + Level 9.7 Ice Magic


You had 10 spell levels left.
You knew the following spells:

 Your Spells              Type           Power        Failure   Level  Hunger
a - Freeze                Ice            ####         1%          1    None
b - Ozocubu's Armour      Chrm/Ice       #####...     4%          3    None
c - Yara's Violent Unrav  Hex/Tmut       ###.......   75%         5    #####..
d - Summon Ice Beast      Ice/Summ       ######..     4%          4    ##.....
f - Ozocubu's Refrigerat  Ice            ######....   28%         6    ######.
x - Throw Icicle          Conj/Ice       #####...     12%         4    ##.....

Your spell library contained the following spells:

 Spells                   Type           Power        Failure   Level  Hunger
 Beastly Appendage        Tmut           ####..       1%          1    None
 Throw Frost              Conj/Ice       #####.       1%          2    None
 Sticks to Snakes         Tmut           ####....     2%          2    None
 Ice Form                 Ice/Tmut       ######..     5%          4    ##.....
 Passwall                 Tmut/Erth      ###.....     6%          2    None
 Magic Dart               Conj           ##..         8%          1    None
 Confusing Touch          Hex            #.....       11%         1    None
 Infusion                 Chrm           #...         11%         1    None
 Sandblast                Erth           #.....       11%         1    None
 Searing Ray              Conj           ##....       12%         2    None
 Spider Form              Tmut/Pois      ###.......   12%         3    None
 Shroud of Golubria       Chrm/Tloc      #.........   16%         2    None
 Song of Slaying          Chrm           #.......     16%         2    None
 Dazzling Spray           Conj/Hex       ##....       26%         3    None
 Stone Arrow              Conj/Erth      ##....       26%         3    None
 Confuse                  Hex            #.......     30%         3    None
 Gell's Gravitas          Tloc           #.........   30%         3    None
 Regeneration             Chrm/Necr      #.........   30%         3    None
 Spectral Weapon          Hex/Chrm       #.......     30%         3    None
 Metabolic Englaciation   Hex/Ice        #####.....   36%         5    #####..
 Petrify                  Tmut/Erth      ###.....     38%         4    ##.....
 Blade Hands              Tmut           ####......   43%         5    #####..
 Iskenderun's Mystic Bla  Conj           ##......     58%         4    ##.....
 Force Lance              Conj/Tloc      ##......     65%         4    ##.....
 Fulminant Prism          Conj/Hex       ##........   65%         4    ##.....
 Bolt of Cold             Conj/Ice       #####.....   88%         6    ######.
 Simulacrum               Ice/Necr       #####.....   91%         6    ######.
 Lee's Rapid Deconstruct  Erth           #.........   96%         5    #####..
 Freezing Cloud           Conj/Ice/Air   ####......   98%         6    ######.


Dungeon Overview and Level Annotations

Branches:
Dungeon (11/15)            Temple (1/1) D:6            Lair (6/6) D:8
 Shoals (0/4) Lair:4        Snake (1/4) Lair:4        Slime (0/5) Lair:5
    Orc: D:9-12

Altars:
Dithmenos
Fedhas
Gozag
Hepliaklqana
Kikubaaqudgha
Makhleb
Nemelex Xobeh
Okawaru
Qazlal
Sif Muna
Uskayaw
Wu Jian
Xom
The Shining One
Jiyva

Shops:
D:5 ([

Annotations:
D:2 1 runed translucent door, Crazy Yiuf
D:11 2 transporters, Brecoman's ghost, journeyman TeAE
Lair:1 exclusion: 2 oklob plants
Lair:3 Rupert
Lair:5 exclusion: 2 downstairs


Message History

The seven-headed hydra barely misses you.
The seven-headed hydra bites you!
The seven-headed hydra barely misses you.
The seven-headed hydra closely misses you.
The seven-headed hydra misses you. The seven-headed hydra bites you.
The seven-headed hydra bites you!
There is a stone staircase leading up, spattered with blood here.
The seven-headed hydra bites you! The seven-headed hydra bites you.
The seven-headed hydra misses you.
The seven-headed hydra bites you but does no damage.
The seven-headed hydra misses you. The seven-headed hydra bites you.
The seven-headed hydra barely misses you.
You climb upwards.
Level annotation: exclusion: 2 downstairs
There is a stone staircase leading down, spattered with blood here.
You see here a spiny frog skeleton.
You spin and attack the seven-headed hydra repeatedly.
You puncture the seven-headed hydra! You barely miss the seven-headed hydra.
The seven-headed hydra bites you! The seven-headed hydra misses you.
The seven-headed hydra bites you but does no damage. x2
The seven-headed hydra closely misses you. x2
The seven-headed hydra bites you but does no damage.
You lunge at the seven-headed hydra, in a flurry of attacks.
You puncture the seven-headed hydra! x2
The seven-headed hydra completely misses you.
You block the seven-headed hydra's attack.
The seven-headed hydra bites you but does no damage.
The seven-headed hydra bites you!
* * * LOW HITPOINT WARNING * * *
You block the seven-headed hydra's attack.
The seven-headed hydra bites you!
* * * LOW HITPOINT WARNING * * *
The seven-headed hydra bites you.
* * * LOW HITPOINT WARNING * * *
Unknown command.
You spin and attack the seven-headed hydra.
You puncture the seven-headed hydra!
You block the seven-headed hydra's attack.
The seven-headed hydra bites you!
* * * LOW HITPOINT WARNING * * *
The seven-headed hydra bites you.
* * * LOW HITPOINT WARNING * * *
The seven-headed hydra bites you.
* * * LOW HITPOINT WARNING * * *
The seven-headed hydra bites you.
* * * LOW HITPOINT WARNING * * *
The seven-headed hydra bites you.
* * * LOW HITPOINT WARNING * * *
The seven-headed hydra bites you.
You die...

.........#.......#####........P..
..####.#.........#
#...............#..........
#.P#.P.......................#P.#
######............<..#.##########
##.............P###
#..............##
##.#......###.## ####P##### ###
###


You could see a seven-headed hydra (pinned).

Vanquished Creatures
  Fannar (D:8)
  An ice dragon (Lair:5)
  3 hydras
  A catoblepas (Lair:6)
  A death yak (Lair:5)
  3 two-headed ogres
  Pikel (D:6)
  An ugly thing (D:10)
  An oklob plant (Lair:1)
  4 elephants (Lair:5)
  Joseph (D:6)
  4 black mambas
  A gargoyle (D:8)
  9 spiny frogs
  Maurice (D:10)
  3 komodo dragons
  A kobold demonologist (D:9)
  2 trolls (D:10)
  5 polar bears
  A slime creature (D:7)
  Prince Ribbit (D:8)
  13 hippogriffs
  17 blink frogs
  20 yaks
  A wyvern (Lair:5)
  A shadow (D:11)
  A human (D:8)
  4 basilisks
  Menkaure (D:5)
  Edmund (D:3)
  22 water moccasins
  8 porcupines
  Duvessa (D:4)
  2 ice beasts (D:7)
  7 orc warriors
  A necrophage (D:9)
  3 sky beasts
  4 black bears
  7 ogres
  11 wolves
  6 centaurs
  15 crocodiles
  10 big kobolds (D:9)
  Blork the orc (D:5)
  A wyvern zombie (D:10)
  8 bullfrogs
  2 scorpions (D:9)
  2 water moccasin skeletons
  Dowan (D:4)
  9 killer bees
  An electric eel (Lair:5)
  3 crimson imps
  A howler monkey (D:7)
  A bullfrog zombie (D:7)
  2 quasits
  7 orc priests
  2 hounds
  5 jellies
  A bullfrog skeleton (D:9)
  A gnoll shaman (D:6)
  9 iguanas
  Jessica (D:3)
  Natasha (thrice) (D:2)
  7 worker ants
  3 orc wizards
  Ijyb (D:5)
  5 hell rats (Lair:4)
  A hound zombie (D:7)
  Robin (D:2)
  7 gnolls
  22 adders
  A river rat (D:6)
  6 shadow imps
  3 white imps (Lair:5)
  An adder skeleton (D:6)
  2 worms
  3 leopard geckos
  37 orcs
  4 bats
  2 giant cockroaches
  18 goblins
  14 hobgoblins
  11 jackals
  3 ball pythons
  2 frilled lizards
  A jackal zombie (D:7)
  28 kobolds
  3 quokka skeletons
  6 rats (D:1)
  2 plants
457 creatures vanquished.

Vanquished Creatures (collateral kills)
  A hydra (D:7)
  Harold (D:9)
  A two-headed ogre (D:8)
  2 spiny frogs (Lair:1)
  3 howler monkeys (D:9)
8 creatures vanquished.

Vanquished Creatures (others)
  A worker ant (D:6)
  7 fungi
  8 plants
16 creatures vanquished.

Grand Total: 481 creatures vanquished

Notes
Turn   | Place    | Note
-------+----------+-------------------------------------------
     0 | D:1      | MalarOregon the Merfolk Ice Elementalist began the quest
                  | for the Orb.
     0 | D:1      | Reached XP level 1. HP: 13/13 MP: 3/3
   318 | D:1      | Reached XP level 2. HP: 20/20 MP: 0/5
   736 | D:1      | Reached skill level 1 in Fighting
  1061 | D:2      | Reached XP level 3. HP: 18/26 MP: 3/6
  1418 | D:2      | Found a hazy altar of Hepliaklqana.
  1466 | D:2      | Found a shadowy altar of Dithmenos.
  1711 | D:2      | Noticed Natasha
  1739 | D:2      | Killed Natasha
  1739 | D:2      | Reached XP level 4. HP: 33/33 MP: 1/7
  1840 | D:2      | Found a runed translucent door.
  1841 | D:2      | Noticed Crazy Yiuf
  1903 | D:2      | Found a deep blue altar of Sif Muna.
  1983 | D:2      | Noticed Natasha
  1997 | D:2      | Killed Natasha
  2179 | D:2      | Noticed Robin
  2210 | D:2      | Killed Robin
  2230 | D:2      | Reached XP level 5. HP: 31/38 MP: 0/9
  2444 | D:2      | Noticed Natasha
  2495 | D:2      | Killed Natasha
  2553 | D:3      | Noticed Jessica
  2560 | D:3      | Killed Jessica
  2653 | D:3      | Found a shimmering altar of Xom.
  2837 | D:3      | Found a hide-covered altar of Uskayaw.
  3293 | D:4      | Found a blossoming altar of Fedhas.
  3293 | D:4      | Found an ancient bone altar of Kikubaaqudgha.
  3305 | D:4      | Found a burning altar of Makhleb.
  3375 | D:4      | Found an ornate altar of the Wu Jian Council.
  3405 | D:4      | Became a worshipper of the Wu Jian Council
  3439 | D:4      | Noticed Edmund
  3479 | D:3      | Killed Edmund
  3479 | D:3      | Reached skill level 1 in Polearms
  3479 | D:3      | Reached XP level 6. HP: 19/47 MP: 0/11
  3891 | D:4      | Reached skill level 2 in Polearms
  3891 | D:4      | Reached skill level 5 in Dodging
  4061 | D:4      | Noticed Duvessa
  4081 | D:4      | Noticed Dowan
  4382 | D:5      | Entered Level 5 of the Dungeon
  4444 | D:5      | Reached XP level 7. HP: 52/52 MP: 9/12
  4493 | D:5      | Noticed Ijyb
  4603 | D:5      | Reached skill level 5 in Ice Magic
  4624 | D:5      | Found Tudaipru's Antique Weapon Shop.
  4634 | D:5      | Bought a steaming hand crossbow for 187 gold pieces
  4690 | D:5      | Found Ejuvvosa's Antique Armour Shop.
  4726 | D:5      | Found an iron altar of Okawaru.
  4747 | D:5      | Noticed Blork the orc
  5762 | D:5      | Killed Blork the orc
  5762 | D:5      | Reached skill level 3 in Polearms
  5977 | D:5      | Noticed Menkaure
  5995 | D:5      | Killed Menkaure
  6392 | D:5      | Identified the +8 hand crossbow "Buduyrro" {penet, rN++
                  | MR+++ Str-3 Stlth-} (You bought it in a shop on level 5 of
                  | the Dungeon)
  6445 | D:5      | Reached skill level 4 in Polearms
  6445 | D:5      | Reached XP level 8. HP: 7/60 MP: 8/14
  7265 | D:6      | Noticed Pikel
  7489 | D:6      | Found a staircase to the Ecumenical Temple.
  7526 | D:6      | Reached skill level 5 in Polearms
  7540 | Temple   | Entered the Ecumenical Temple
  7545 | Temple   | Reached * piety under Wu Jian
  7986 | D:6      | Found a shimmering altar of Xom.
  7988 | D:6      | Found a shimmering altar of Xom.
  7989 | D:6      | Found a shimmering altar of Xom.
  8048 | D:6      | Reached skill level 5 in Fighting
  8086 | D:6      | Reached skill level 5 in Spellcasting
  8207 | D:6      | Killed Pikel
  8207 | D:6      | Reached skill level 6 in Polearms
  8207 | D:6      | Reached XP level 9. HP: 52/69 MP: 8/17
  8649 | D:5      | Killed Ijyb
  8759 | D:4      | Killed Dowan
  8919 | D:4      | Killed Duvessa
  9458 | D:7      | Learned a level 3 spell: Ozocubu's Armour
  9463 | D:7      | Learned a level 4 spell: Summon Ice Beast
  9469 | D:7      | Learned a level 5 spell: Yara's Violent Unravelling
  9558 | D:7      | Noticed Joseph
  9594 | D:6      | Killed Joseph
  9594 | D:6      | Reached skill level 7 in Polearms
  9594 | D:6      | Reached skill level 1 in Summonings
  9993 | D:7      | Found a sparkling altar of Nemelex Xobeh.
 10024 | D:7      | Got a fine falchion
 10215 | D:7      | Noticed a six-headed hydra
 10505 | D:7      | Reached ** piety under Wu Jian
 10600 | D:7      | Found an iron altar of Okawaru.
 10633 | D:7      | Reached XP level 10. HP: 63/77 MP: 14/19
 10634 | D:7      | Found a stormy altar of Qazlal.
 10921 | D:7      | Killed a six-headed hydra
 10921 | D:7      | Reached skill level 8 in Polearms
 11457 | D:8      | Identified the +6 falchion "Kesmyg" {venom, +Blink MR+
                  | Str+3 Dex+3} (You found it on level 7 of the Dungeon)
 11474 | D:8      | Found a staircase to the Lair.
 11757 | D:8      | Reached skill level 9 in Polearms
 11763 | D:8      | Noticed Prince Ribbit
 11836 | D:8      | Found a flagged portal.
 11842 | Bailey   | Entered a bailey
 12183 | Bailey   | Reached *** piety under Wu Jian
 12434 | D:8      | Noticed a gargoyle
 12792 | D:8      | Killed a gargoyle
 12792 | D:8      | Reached skill level 10 in Dodging
 12800 | D:8      | Reached XP level 11. HP: 57/86 MP: 13/21
 13331 | D:9      | Noticed a two-headed ogre
 13360 | D:9      | Reached skill level 10 in Polearms
 13507 | D:9      | Reached skill level 5 in Summonings
 13774 | D:9      | Noticed a two-headed ogre
 13871 | D:8      | Found a staircase to the Lair.
 13925 | D:8      | Killed Prince Ribbit
 14276 | D:8      | Killed a two-headed ogre
 14288 | D:9      | Reached **** piety under Wu Jian
 14415 | D:9      | Noticed Harold
 14439 | D:9      | Killed Harold
 14808 | D:9      | Found an opulent altar of Gozag.
 14945 | D:9      | Killed a two-headed ogre
 15205 | D:10     | Entered Level 10 of the Dungeon
 15237 | D:10     | Reached skill level 1 in Transmutations
 15579 | D:10     | Noticed Maurice
 15624 | D:10     | Killed Maurice
 15624 | D:10     | Reached skill level 11 in Polearms
 16051 | D:10     | Found a glowing golden altar of the Shining One.
 16171 | D:10     | Noticed a two-headed ogre
 16209 | D:10     | Killed a two-headed ogre
 17045 | D:11     | Noticed an orc knight
 17145 | D:10     | Reached ***** piety under Wu Jian
 17399 | D:10     | Reached XP level 12. HP: 65/94 MP: 24/24
 17555 | D:11     | Found a transporter.
 17562 | D:11     | Noticed Brecoman's ghost (journeyman TeAE)
 17564 | D:11     | Identified the +4 dire flail of Iffahir {elec, *Slow rN++
                  | Int+4}
 17564 | D:11     | Identified the +8 great mace of Accord {venom, Dex+6}
 17564 | D:11     | Noticed a two-headed ogre
 17566 | D:11     | Noticed a two-headed ogre
 17592 | D:11     | Found a transporter.
 18083 | D:11     | Noticed a two-headed ogre
 18156 | Lair:1   | Entered Level 1 of the Lair of Beasts
 19382 | Lair:1   | Learned a level 4 spell: Throw Icicle
 19389 | Lair:1   | Learned a level 6 spell: Ozocubu's Refrigeration
 19390 | Lair:1   | Noticed Fannar
 19443 | D:8      | Killed Fannar
 19952 | Lair:1   | Reached skill level 12 in Polearms
 20539 | Lair:1   | Noticed a shambling mangrove
 20539 | Lair:1   | an oklob plant changed into a shambling mangrove
 21075 | Lair:2   | Reached skill level 10 in Fighting
 21898 | Lair:2   | Got a fine leather armour
 21988 | Lair:2   | Identified the +1 leather armour of Zyem {rC+ Regen+} (You
                  | found it on level 2 of the Lair of Beasts)
 22349 | Lair:3   | Noticed Rupert
 22495 | Lair:3   | Found a dark tunnel.
 22630 | Lair:3   | Found a hazy altar of Hepliaklqana.
 22644 | Lair:3   | Noticed Urug
 22749 | Lair:3   | Noticed Urug
 22749 | Lair:3   | Urug changed into Urug the two-headed ogre
 22764 | Lair:3   | Killed Urug the two-headed ogre
 22844 | Lair:3   | Reached XP level 13. HP: 58/103 MP: 26/26
 23341 | Lair:3   | Reached skill level 13 in Polearms
 23725 | Lair:4   | Found a staircase to the Snake Pit.
 24010 | Lair:4   | Noticed Sonja
 24011 | Lair:4   | Noticed Sonja
 24011 | Lair:4   | Sonja changed into Sonja the polar bear
 24038 | Lair:4   | Killed Sonja the polar bear
 24226 | Lair:4   | Found a staircase to the Shoals.
 24710 | Lair:4   | Reached skill level 1 in Shields
 24714 | Lair:4   | Got an ebony hand axe
 24724 | Lair:4   | You fall through a shaft for 2 floors!
 24724 | Lair:6   | Entered Level 6 of the Lair of Beasts
 25659 | Snake:1  | Entered Level 1 of the Snake Pit
 26072 | Lair:5   | Noticed an ice dragon
 26103 | Lair:5   | Killed an ice dragon
 26230 | Lair:5   | Identified the +3 hand axe of Fogre {chop, Int+6 Dex+3
                  | SInv} (You found it on level 4 of the Lair of Beasts)
 26281 | Lair:5   | Found a viscous altar of Jiyva.
 26281 | Lair:5   | Found a staircase to the Slime Pits.
 27366 | Lair:5   | Reached ****** piety under Wu Jian
 27366 | Lair:5   | Reached skill level 10 in Spellcasting
 27939 | Lair:6   | Reached skill level 14 in Polearms
 27954 | Lair:5   | Reached XP level 14. HP: 75/112 MP: 28/28
 28408 | Lair:5   | HP: 5/112 [seven-headed hydra (3)]
 28408 | Lair:5   | HP: 2/112 [seven-headed hydra (3)]
 28408 | Lair:5   | Slain by a seven-headed hydra

Skill      XL: |  1  2  3  4  5  6  7  8  9 10 11 12 13 14 |
---------------+-------------------------------------------+-----
Dodging        | 3 4 5 6 7 8 10 11 12 13 | 13.7
Fighting       | 1 2 3 4 5 6 7 9 10 11 | 11.5
Ice Magic      | 4 5 6 7 8 9 |  9.7
Spellcasting   | 3 4 5 6 7 8 9 10 | 10.1
Polearms       | 1 2 4 6 7 9 11 12 14 | 14.0
Summonings     | 2 4 5 |  5.7
Transmutations | 3 4 |  4.4
Shields        | 3 4 |  4.0
Stealth        | |  2.1
Conjurations   | |  0.7

Action                   |  1- 3 |  4- 6 |  7- 9 | 10-12 | 13-15 || total
-------------------------+-------+-------+-------+-------+-------++-------
Melee: Unarmed           |     6 |       |       |       |       ||     6
       Spear             |       |    22 |   356 |     2 |       ||   380
       Trident           |       |       |       |   787 |       ||   787
       Demon trident     |       |       |       |    33 |   571 ||   604
       Tailslap          |       |       |       |       |     2 ||     2
 Fire: Hand crossbow     |       |       |       |    10 |     3 ||    13
Throw: Tomahawk          |     3 |       |     8 |    21 |       ||    32
 Cast: Freeze            |    55 |    89 |   197 |   428 |    27 ||   796
       Ozocubu's Armour  |       |       |     5 |    16 |       ||    21
       Summon Ice Beast  |       |       |       |    21 |       ||    21
       Throw Icicle      |       |       |       |     4 |       ||     4
       Ozocubu's Refrige |       |       |       |     3 |       ||     3
Invok: Lunge             |       |       |     4 |    22 |    76 ||   102
       Whirlwind         |       |       |     1 |    61 |   158 ||   220
 Abil: Wall Jump         |       |       |       |     1 |       ||     1
Evoke: Wand              |       |       |       |    36 |     1 ||    37
       Lightning rod     |       |       |       |     4 |       ||     4
  Use: Scroll            |     3 |     5 |     9 |    14 |     2 ||    33
       Potion            |       |       |     2 |     6 |       ||     8
 Stab: Sleeping          |     1 |     3 |    11 |     3 |     3 ||    21
       Distracted        |       |       |     1 |       |     1 ||     2
  Eat: Chunk             |     3 |     9 |    16 |    19 |    19 ||    66
       Ration            |       |       |     1 |     7 |       ||     8
Armor: Robe              |     9 |     6 |    23 |       |       ||    38
       Skin              |       |       |     6 |       |       ||     6
       Leather armour    |       |       |    73 |   262 |    88 ||   423
Dodge: Dodged            |    31 |    42 |   305 |   842 |   337 ||  1557
Block: Buckler           |       |       |       |       |    59 ||    59
